 Dungeon Crawl Stone Soup version 0.28-a0-1184-g53156a8862 (webtiles) character file.

Game seed: 10023031435935011618

48 Sabo the Conjurer (level 3, 0/21 HPs)
             Began as an Octopode Conjurer on Dec 17, 2021.
             Was an Initiate of Yredelemnul.
             Slain by Grinder (1 damage)
             ... on level 3 of the Dungeon.
             The game lasted 00:17:45 (3389 turns).

Sabo the Conjurer (Octopode Conjurer)               Turns: 3389, Time: 00:17:48

Health: 0/21       AC:  1    Str:  6    XL:     3   Next: 72%
Magic:  5/6        EV: 13    Int: 22    God:    Yredelemnul [......]
Gold:   72         SH:  5    Dex: 10    Spells: 5/6 levels left

rFire   . . .      SeeInvis +   i - +0 mace
rCold   . . .      Faith    .   (no shield)
rNeg    . . .      Spirit   .   (helmet restricted)
rPois   .          Reflect  +   e - amulet of reflection
rElec   .          Harm     .   c - ring of see invisible
rCorr   .          Rampage  .   (no ring)
Will    .....                   (no ring)
Stlth   +++.......              (no ring)
HPRegen 0.07/turn               (no ring)
MPRegen 0.10/turn               (no ring)
                                (no ring)
                                (no ring)

@: no status effects
A: almost no armour, amphibious, 8 rings, camouflage 1, gelatinous body 1,
(nimble swimmer 1), tentacles
a: Renounce Religion, Recall Undead Harvest


You were on level 3 of the Dungeon.
You worshipped Yredelemnul.
Yredelemnul was noncommittal.
You visited 1 branch of the dungeon, and saw 3 of its levels.

You collected 72 gold pieces.

Inventory:

Hand Weapons
 i - a +0 mace (weapon)
Missiles
 a - 37 stones
 j - 4 poisoned darts (quivered)
Jewellery
 c - a ring of see invisible (left tentacle)
 e - an amulet of reflection (around mantle)
Scrolls
 b - 2 scrolls of identify {unknown}
 d - a scroll of holy word {unknown}
 h - a scroll of enchant armour {unknown}
 k - 3 scrolls of magic mapping {unknown}
Potions
 f - a potion of resistance {unknown}
 g - a potion of curing {unknown}
 l - a potion of attraction {unknown}


   Skills:
 + Level 0.1 Short Blades
 + Level 0.5 Maces & Flails
 + Level 2.0 Dodging
 + Level 3.1 Stealth
 + Level 0.1 Unarmed Combat
 + Level 2.1 Spellcasting
 + Level 4.9 Conjurations
 + Level 0.1 Invocations


You had 5 spell levels left.
You knew the following spells:

 Your Spells              Type           Power      Damage    Failure   Level
a - Magic Dart            Conj           96%        1d7       1%          1

Your spell library contained the following spells:

 Spells                   Type           Power      Damage    Failure   Level
 Searing Ray              Conj           48%        2d6       2%          2
 Dazzling Flash           Conj/Hex       26%        N/A       14%         3
 Ensorcelled Hibernation  Hex/Ice        4%         N/A       21%         2
 Scorch                   Fire           4%         2d5       21%         2
 Spider Form              Tmut/Pois      2%         N/A       38%         3
 Flame Wave               Conj/Fire      13%        2d5       43%         4
 Fulminant Prism          Conj/Hex       6%         3d7       43%         4
 Iskenderun's Mystic Bla  Conj/Tloc      13%        2d5       43%         4
 Summon Cactus Giant      Summ           1%         N/A       100%        6


Dungeon Overview and Level Annotations

Branches:
Dungeon (3/15)

Altars:
Yredelemnul

Shops:
D:3 (

Annotations:
D:3 Grinder, Sigmund


Innate Abilities, Weirdness & Mutations

You cannot wear most types of armour.
You are amphibious.
You can wear up to eight rings at the same time.
Your skin changes colour to match your surroundings (Stealth+).
Your rubbery body absorbs attacks. (AC +1, EV +1)
((You are camouflaged near water. (Stealth+)))
You have tentacles for arms and can constrict up to eight enemies at once.


Message History

k - 3 scrolls labelled KEMNAN CECLI You now have 72 gold pieces (gained 11).
b - 2 scrolls labelled ZENNA TIGAAKA (gained 1)
l - a purple potion Sigmund the Dreaded comes into view.
He is wielding a +0 scythe.
Found 2 inky potions.
Grinder comes into view.
Grinder shouts!
Casting: Magic Dart (safe; 1% risk of failure)
Confirm with . or Enter, or press ? or * to list all spells.
Aiming: Magic Dart (safe; 1% risk of failure)
Press: ? - help, Shift-Dir - straight line, f - Grinder
Aim: Grinder (100% to hit)
The magic dart hits Grinder.
Grinder is lightly wounded.
Grinder gestures at you. Pain shoots through your body!
Unknown command.
Grinder says, "Tell me all your secrets, or I'll kill you."
Grinder gestures at you.
You suddenly lose the ability to move!
Grinder hits you!
You writhe in agony.
* * * LOW HITPOINT WARNING * * *
Grinder blinks!
You can move again.
Casting: Magic Dart (safe; 1% risk of failure)
Confirm with . or Enter, or press ? or * to list all spells.
Aiming: Magic Dart (safe; 1% risk of failure)
Press: ? - help, Shift-Dir - straight line, f/p - Grinder
Aim: Grinder (lightly wounded, 100% to hit)
The magic dart hits Grinder.
Grinder is lightly wounded.
Grinder blinks!
You hit Grinder. Your grab misses Grinder.
Grinder is moderately wounded.
You block Grinder's attack. Grinder hits you.
* * * LOW HITPOINT WARNING * * *
You writhe in agony.
You die...
Your body rises from the dead as a mindless zombie.

#.# ... #.# .#.#.# #.#
#.# .#.#.# #.# ####.##
.....# #.#
#.<...##.....# #.#
#............# #.#
#.)...##...!.# #####.#
###....5.......#
......####......@...###
........##.###.######
###)###.##.# #.# ....#
#....# #.# ###.###.####
#.# # #.....# #.#
#####.### #.# .# #.#
#.# .# #.########.#


You could see Grinder.

Vanquished Creatures
  2 adders (D:2)
  A ball python (D:1)
  5 endoplasms
  A giant cockroach (D:2)
  3 goblins (D:2)
  2 quokkas (D:2)
  A bat (D:2)
  A frilled lizard (D:1)
  4 kobolds
  5 rats
25 creatures vanquished.

Vanquished Creatures (collateral kills)
  A dart slug (D:1)
  A goblin (D:1)
  A rat (D:2)
3 creatures vanquished.

Vanquished Creatures (others)
  A bat zombie (D:2)
  A goblin zombie (D:2)
  A kobold zombie (D:2)
  A quokka zombie (D:2)
  A spectral endoplasm (D:2)
5 creatures vanquished.

Grand Total: 33 creatures vanquished

Notes
Turn   | Place    | Note
-------+----------+-------------------------------------------
     0 | D:1      | Sabo the Octopode Conjurer began the quest for the Orb.
     0 | D:1      | Reached XP level 1. HP: 11/11 MP: 3/3
   903 | D:1      | Reached XP level 2. HP: 17/17 MP: 1/5
  1087 | D:1      | Found a faded altar of an unknown god.
  1091 | D:1      | Prayed at the altar of an unknown god.
  1091 | D:1      | Became a worshipper of Yredelemnul the Dark
  1091 | D:1      | Reached * piety under Yredelemnul
  1408 | D:1      | You fall into a shaft and drop 1 floor!
  2013 | D:2      | Reached XP level 3. HP: 21/21 MP: 4/6
  3179 | D:3      | Found Vul Usom's Weapon Boutique.
  3316 | D:3      | Noticed Sigmund
  3376 | D:3      | Noticed Grinder
  3380 | D:3      | Paralysed by Grinder for 7 turns
  3389 | D:3      | HP: 1/21 [Grinder (5)]
  3389 | D:3      | Slain by Grinder

Illustrated notes

Levels and vault maps discovered:
D:1:      lightli_arrival_maybe_door_vault, layout_loops_ring,
          hellmonk_ecumenical_altar_heavens_door, chequers_serial_rivers_small_3
D:2:      layout_basic
D:3:      layout_loops_ring, serial_shops,
          nicolae_shop_competitors_out_of_business, uniq_grinder, uniq_sigmund

Skill      XL: |  1  2 |
---------------+-------+-----
Stealth        | 3 |  3.1
Short Blades   | |  0.1
Maces & Flails | |  0.5
Dodging        | |  2.0
Unarmed Combat | |  0.1
Spellcasting   | |  2.1
Conjurations   | |  4.9
Invocations    | |  0.1

Action                   || total
-------------------------++-------
Melee: Unarmed           ||     8
       Constrict         ||     2
       Whip              ||     3
       Short sword       ||     4
       Mace              ||     1
       Tentacles         ||     1
 Cast: Magic Dart        ||    51
Invok: Recall Undead Har ||     2
  Use: Scroll            ||     1
Armor: Skin              ||     2
Dodge: Dodged            ||    14
Block: Other             ||     1

Table legend: (Time is in decaauts)
 A = Elapsed time spent in this place.
 B = Non-inter-level travel time spent in this place.
 C = Inter-level travel time spent in this place.
 D = Time resting spent in this place.
 E = Time spent auto-exploring this place.
 F = Levels seen in this place.
 G = Mean time per level.
                   A        B        C        D        E       F      G
               +--------+--------+--------+--------+--------+-----+--------+
         Total |   3388 |   3388 |      0 |   1530 |      0 |   3 | 1129.3 |
       Dungeon |   3388 |   3388 |      0 |   1530 |      0 |   3 | 1129.3 |
               +--------+--------+--------+--------+--------+-----+--------+

Top non-repeatable levels by time:
     D:1: 1724 daAuts
     D:2: 1378 daAuts
     D:3: 285 daAuts
